 Dungeon Crawl Stone Soup version 0.28-a0-691-gad6df49e81 (webtiles) character file.

Game seed: 2704251756150916655

268 BlueGoblin the Ducker (level 6, -1/42 HPs)
             Began as an Octopode Monk on Oct 21, 2021.
             Slain by a goblin (6 damage)
             ... led by Robin
             ... on level 4 of the Dungeon.
             The game lasted 00:03:51 (3722 turns).

BlueGoblin the Ducker (Octopode Monk)               Turns: 3722, Time: 00:03:52

Health: -1/42      AC:  1    Str: 11    XL:     6   Next: 21%
Magic:  6/6        EV: 16    Int: 12    God:
Gold:   119        SH:  0    Dex: 16    Spells: 5/5 levels left

rFire   . . .      SeeInvis .   b - +2 quarterstaff (chaos)
rCold   . . .      Faith    .   (shield currently unavailable)
rNeg    . . .      Spirit   .   (helmet restricted)
rPois   .          Reflect  .   (no amulet)
rElec   .          Harm     .   (no ring)
rCorr   .          Rampage  .   (no ring)
Will    .....                   (no ring)
Stlth   +++.......              (no ring)
HPRegen 0.14/turn               (no ring)
MPRegen 0.10/turn               (no ring)
                                (no ring)
                                (no ring)

@: no status effects
A: almost no armour, amphibious, 8 rings, camouflage 1, gelatinous body 1,
(nimble swimmer 1), tentacles
a: no special abilities


You were on level 4 of the Dungeon.
You visited 1 branch of the dungeon, and saw 4 of its levels.

You collected 119 gold pieces.

Inventory:

Hand Weapons
 a - a +0 spear
 b - a +2 quarterstaff of chaos (weapon)
 h - a +2 hand axe of flaming
Wands
 i - a wand of flame (23)
Scrolls
 e - 3 scrolls of teleportation
 j - a scroll of identify
Potions
 c - a potion of heal wounds {unknown}
 d - 2 potions of might
 f - a potion of haste {unknown}
 g - a potion of curing


   Skills:
 - Level 3.0 Fighting
 - Level 3.0 Polearms
 + Level 6.8 Dodging
 - Level 2.6 Stealth


You had 5 spell levels left.
You didn't know any spells.
Your spell library contained the following spells:

 Spells                   Type           Power      Damage    Failure   Level
 Conjure Ball Lightning   Conj/Air       0%         3x3d6     100%        6
 Discord                  Hex            0%         N/A       100%        8
 Disjunction              Tloc           0%         N/A       100%        8


Dungeon Overview and Level Annotations

Branches:
Dungeon (4/15)
 Temple: D:4-7

Altars:

Annotations:
D:4 Robin


Innate Abilities, Weirdness & Mutations

You cannot wear most types of armour.
You are amphibious.
You can wear up to eight rings at the same time.
Your skin changes colour to match your surroundings (Stealth+).
Your rubbery body absorbs attacks. (AC +1, EV +1)
((You are camouflaged near water. (Stealth+)))
You have tentacles for arms and can constrict up to eight enemies at once.


Message History

You kill the goblin!
The goblin misses you.
You hit the endoplasm.
The endoplasm is heavily wounded.
The hobgoblin closely misses you. The goblin closely misses you.
The endoplasm misses you. The goblin completely misses you.
The hobgoblin hits you. The endoplasm hits you. Robin throws the goblin at you!
The goblin closely misses you. The hobgoblin hits you.
The goblin closely misses you. The endoplasm freezes you.
You are frozen.
The goblin hits you with a +0 club. Robin throws the goblin at you!
The goblin hits you with a +0 dagger.
You hit the goblin. Your grab misses the goblin.
The goblin is moderately wounded.
The goblin hits you with a +0 dagger.
* * * LOW HITPOINT WARNING * * *
The goblin misses you. The goblin closely misses you.
You sock the goblin!
You kill the goblin!
The goblin hits you with a +0 dagger.
* * * LOW HITPOINT WARNING * * *
The goblin hits you with a +0 club.
* * * LOW HITPOINT WARNING * * *
The goblin hits you with a +0 dagger.
* * * LOW HITPOINT WARNING * * *
The endoplasm closely misses you.
You feel better. The goblin misses you. The goblin closely misses you.
The goblin hits you with a +0 dagger.
* * * LOW HITPOINT WARNING * * *
The endoplasm freezes you.
You are frozen.
* * * LOW HITPOINT WARNING * * *
You feel better. The goblin hits you with a +0 dagger.
* * * LOW HITPOINT WARNING * * *
The goblin hits you with a +0 club.
* * * LOW HITPOINT WARNING * * *
The goblin hits you with a +0 dagger.
You die...

#### ##..# ###g<.## ....
##g@g...#..... #
#.Jg#...#...##
##.##.###.gg..............
#...#.#...................
..........................
.........)................
......#...................
...!..#...................
........(...............(.


You could see Robin, an endoplasm, a hobgoblin (strong) and 4 goblins.

Vanquished Creatures
  A scorpion (D:2)
  A hound (D:2)
  Crazy Yiuf (D:2)
  An iguana (D:3)
  3 adders
  8 orcs (D:3)
  7 ball pythons
  7 bats
  2 endoplasms
  3 giant cockroaches
  21 goblins
  10 hobgoblins
  7 kobolds
  4 quokkas
  2 frilled lizards
  7 rats
85 creatures vanquished.

Notes
Turn   | Place    | Note
-------+----------+-------------------------------------------
     0 | D:1      | BlueGoblin the Octopode Monk began the quest for the Orb.
     0 | D:1      | Reached XP level 1. HP: 16/16 MP: 1/1
   414 | D:1      | Reached XP level 2. HP: 20/21 MP: 2/2
   600 | D:1      | Reached skill level 4 in Dodging
   685 | D:1      | Reached XP level 3. HP: 21/26 MP: 3/3
  1051 | D:2      | Noticed a scorpion
  1063 | D:2      | Killed a scorpion
  1064 | D:2      | Reached skill level 5 in Dodging
  1064 | D:2      | Reached XP level 4. HP: 21/31 MP: 4/4
  1421 | D:2      | Reached XP level 5. HP: 16/36 MP: 5/5
  1986 | D:2      | Found a runed translucent door.
  1987 | D:2      | Noticed Crazy Yiuf
  2413 | D:2      | Killed Crazy Yiuf
  2414 | D:2      | Reached skill level 6 in Dodging
  2974 | D:3      | Reached XP level 6. HP: 42/42 MP: 6/6
  3512 | D:4      | Noticed Robin
  3722 | D:4      | Slain by a goblin

Illustrated notes

Levels and vault maps discovered:
D:1:      dpeg_arrival_water_fire, layout_basic
D:2:      layout_loops_corners, uniq_crazy_yiuf_cottage
D:3:      layout_rooms, minmay_door_square, st_stairs_7
D:4:      layout_cave_pools, uniq_robin

Skill      XL: |  1  2  3  4  5 |
---------------+----------------+-----
Dodging        | 4 5 6 |  6.8
Fighting       | |  3.0
Polearms       | |  3.0
Stealth        | |  2.6

Action                   |  1- 3 |  4- 6 || total
-------------------------+-------+-------++-------
Melee: Spear             |    69 |    41 ||   110
       Constrict         |    16 |    19 ||    35
       Tentacles         |    13 |    14 ||    27
       Quarterstaff      |       |    68 ||    68
  Use: Scroll            |       |     5 ||     5
       Potion            |       |     3 ||     3
 Stab: Sleeping          |     8 |     6 ||    14
       Distracted        |       |     1 ||     1
Armor: Skin              |     6 |    12 ||    18
Dodge: Dodged            |    27 |    90 ||   117

Table legend: (Time is in decaauts)
 A = Elapsed time spent in this place.
 B = Non-inter-level travel time spent in this place.
 C = Inter-level travel time spent in this place.
 D = Time resting spent in this place.
 E = Time spent auto-exploring this place.
 F = Levels seen in this place.
 G = Mean time per level.
                   A        B        C        D        E       F      G
               +--------+--------+--------+--------+--------+-----+--------+
         Total |   3746 |   3630 |    116 |    700 |   2417 |   4 |  936.5 |
       Dungeon |   3746 |   3630 |    116 |    700 |   2417 |   4 |  936.5 |
               +--------+--------+--------+--------+--------+-----+--------+

Top non-repeatable levels by time:
     D:2: 1622 daAuts
     D:3: 1156 daAuts
     D:1: 914 daAuts
     D:4: 52 daAuts
